Cogmind - Beta 17.1 @@@ ROGUE MODE // 2026.08.29 @ 21:11:30 Player: SnailSD Result: Destroyed by 70-KVX(E) with Gauss Rifle Performance ------------- Evolutions (0) 0 Regions Visited (4) 800 Robots Destroyed (37) 185 Value Destroyed (637) 637 Prototype IDs (14) 280 Alien Tech Used (0) 0 Bonus (632) 632 TOTAL SCORE: 2534 Bonus ------- Registered with UFD 300 Met Optimus in HQ 500 Friendly Fire -168 Cogmind --------- Core Integrity 0/250 Matter 225/300 Energy 150/150 System Corruption 0% Temperature Cool (0) Movement Core (550) Ox10 Location -9/Scraptown Parts ------- > --- POWER (1) -------- Light Angular Momentum Engine > --- PROPULSION (2) --- (None) > --- UTILITY (2) ------ Large Storage Unit A0-MCA's Component Scanner > --- WEAPON (2) ------- Companion Sword > --- INVENTORY (15) --- Light Nuclear Core Improved Treads Spiked Treads Compact Wheel Improved Heat Sink Improved Heat Sink Energy Well (350) Signal Interpreter Experimental Terrain Scanner Utility Shielding Heavy EM Pulse Gun Gatling Laser Particle Cannon Heavy Particle Cannon Mini Grenade Launcher Peak State ------------ > --- POWER ------------ Light Angular Momentum Engine > --- PROPULSION ------- Armored Wheel Armored Wheel > --- UTILITY ---------- Large Storage Unit A0-MCA's Component Scanner > --- WEAPON ----------- Power Sword Companion Sword > --- INVENTORY -------- Light Nuclear Core Improved Treads Spiked Treads Compact Wheel Improved Heat Sink Improved Heat Sink Energy Well Signal Interpreter Experimental Terrain Scanner Utility Shielding Heavy EM Pulse Gun Gatling Laser Particle Cannon Heavy Particle Cannon Mini Grenade Launcher [Rating: 34] Favorites ----------- Power Light Nuclear Core Engine Light Angular Momentum Engine Power Core Light Nuclear Core Propulsion Light Treads Treads Light Treads Wheel Armored Wheel Utility Small Storage Unit Device Improved Heat Sink Storage Small Storage Unit Processor A0-MCA's Component Scanner Weapon Beam Cannon Energy Gun EM Shotgun Energy Cannon Beam Cannon Ballistic Gun Assault Rifle Impact Weapon Hammer Slashing Weapon Companion Sword Build | -11 -10 -10 -10 -9 ------- Run | Yrd Mat Min Sub Scr Slots Evolved . | . . . . . Power . | . . . . . Propulsion . | . . . . . Utility . | . . . . . Weapon . | . . . . . Parts Attached 33 | 7 8 2 2 14 Power 3 | 1 1 . . 1 Engine 2 | 1 . . . 1 Core 1 | . 1 . . . Reactor . | . . . . . Propulsion 8 | 2 1 . . 5 Treads 6 | 2 1 . . 3 Leg . | . . . . . Wheel 2 | . . . . 2 Hover . | . . . . . Flight . | . . . . . Utility 8 | 2 2 1 1 2 Device 4 | 1 2 1 . . Storage 2 | 1 . . . 1 Processor 2 | . . . 1 1 Hackware . | . . . . . Protection . | . . . . . Artifact . | . . . . . Weapon 14 | 2 4 1 1 6 Energy Gun 3 | . . . 1 2 Energy Cannon 4 | . 2 . . 2 Ballistic Gun 4 | 2 1 1 . . Ballistic Cannon . | . . . . . Launcher . | . . . . . Special Weapon . | . . . . . Impact Weapon 1 | . 1 . . . Slashing Weapon 2 | . . . . 2 Piercing Weapon . | . . . . . Special Melee Weapon . | . . . . . Unidentified Prototypes . | . . . . . Parts Lost 3 | . . . . 3 Power . | . . . . . Propulsion 2 | . . . . 2 Utility . | . . . . . Weapon 1 | . . . . 1 Highest Loss Streak 3 | . . . . 3 To Critical Strikes . | . . . . . Average Backups 8 | 4 7 8 7 9 Power . | . 1 1 1 1 Propulsion 1 | 2 2 1 1 1 Utility 4 | . 3 5 4 4 Weapon 1 | . 1 1 1 2 Tool/Special . | . . . . . Unused Backups 32 | 2 12 1 . 17 Power 2 | . . 1 . 1 Propulsion 8 | 2 4 . . 2 Utility 15 | . 5 . . 10 Weapon 7 | . 3 . . 4 Tool/Special . | . . . . . Average Slot Usage (%) 99 | . 99 99 100 99 Engine 6 | . 11 . . 6 Core 7 | . 2 14 14 7 Treads 23 | . 28 28 28 20 Wheel 4 | . . . . 7 Device 12 | . 13 14 13 11 Storage 14 | . 14 14 14 14 Processor 1 | . . . . 2 Energy Gun 9 | . . . 4 15 Energy Cannon 14 | . 16 24 14 12 Ballistic Gun 3 | . 10 3 9 . Peak Build Rating 34 | 8 9 12 12 34 Average Rating 14 | 5 7 9 11 18 On Entrance 8 | . 8 9 12 11 Avg Prop Armor Cover (%) . | . . . . . Naked Turns . | . . . . . Heaviest Build 41 | 14 17 17 15 41 Greatest Support 45 | 40 40 40 40 45 Greatest Overweight (x) 12 | . . . . 12 Average Overweight (x) . | . . . . . Largest Inventory Capacity 15 | 8 8 8 8 15 Average Capacity 9 | 7 8 8 8 10 Most Carried 15 | 8 8 8 8 15 Average Carried 8 | 4 7 7 7 9 Final Capacity 15 | 8 8 8 8 15 Final Carried 15 | 8 8 8 7 15 Class Distribution -------------------- 73% | Mutant 15% | Scavenger-Mutant 10% | Derelict-Mutant Dominant Class ---------------- Mutant | -10/Materials Mutant | -10/Mines Scavenger-Mutant | -10/Subcaves Mutant | -9/Scraptown Resources | -11 -10 -10 -10 -9 ----------- Run | Yrd Mat Min Sub Scr Matter Collected 830 | 334 380 10 26 80 Remotely . | . . . . . Salvage Created 1058 | 150 558 276 74 . Parts 67 | 9 33 22 3 . Haulers Intercepted 2 | . 2 . . . Recyclers Shooed . | . . . . . Parts Field Recycled . | . . . . . Retrieved Matter . | . . . . . Parts Self-Destructed 2 | . . . 2 . Prevented . | . . . . . Parts Restored . | . . . . . Kills | -11 -10 -10 -10 -9 ------- Run | Yrd Mat Min Sub Scr Combat Hostiles Destroyed 23 | . 13 8 2 . Cannons 23 | . 13 8 2 . Classes Destroyed 8 | 3 5 . . . Worker 5 | 1 1 3 . . Tunneler 3 | 2 . 1 . . Hauler 2 | . 2 . . . Recycler 1 | 1 . . . . Operator 1 | . 1 . . . Watcher 2 | . 2 . . . Swarmer 12 | . 6 6 . . Grunt 11 | . 7 2 2 . Best Kill Streak 7 | 3 4 7 2 . Combat Bots Only 5 | . 3 5 2 . Max Kills in Single Turn 2 | 1 2 1 1 . Gunslinging . | . . . . . Exploded . | . . . . . Melee . | . . . . . Uniques/NPCs Destroyed . | . . . . . Combat | -11 -10 -10 -10 -9 -------- Run | Yrd Mat Min Sub Scr Hostile Shots Fired 146 | . 51 56 10 29 Missed 40 | . 15 14 3 8 Hits 106 | . 36 42 7 21 Projectile 106 | . 36 42 7 21 Critical Strikes 2 | . 1 1 . . Damage Taken 1294 | . 344 347 91 512 Core 266 | . 23 109 . 134 Absorbed by Shields . | . . . . . Regen/Repaired (Parts) 10 | . 10 . . . Core Remaining (%) 100 | 100 . . . . Volleys Fired 89 | 12 46 24 6 1 Largest 2 | 2 2 2 2 2 Hottest 155 | 40 120 120 80 155 Shots Fired 178 | 24 92 48 12 2 Gun 41 | 24 10 . 6 1 Cannon 137 | . 82 48 6 1 Launcher . | . . . . . Special . | . . . . . Kinetic 40 | 24 10 . 6 . Thermal 138 | . 82 48 6 2 Explosive . | . . . . . Electromagnetic . | . . . . . Robot Hit Streak 14 | 10 14 4 5 6 Robot Miss Streak 5 | 1 5 4 2 . Penetration Max . | . . . . . Secondary Targets . | . . . . . Shots Hit Robots 100 | 19 49 22 7 3 Core Hits 43 | 6 21 12 4 . Critical Kills . | . . . . . Critical Parts Destroyed . | . . . . . Critical Strikes . | . . . . . Melee Attacks 4 | . 2 . . 2 Impact 2 | . 2 . . . Slashing 2 | . . . . 2 Piercing . | . . . . . Sneak Attacks . | . . . . . Combat Hostiles . | . . . . . Follow-up Attacks . | . . . . . Damage Inflicted 1729 | 216 842 471 108 92 Guns 346 | 216 81 . 18 31 Cannons 1344 | . 761 468 90 25 Explosions . | . . . . . Melee 36 | . . . . 36 Ramming 3 | . . 3 . . Kinetic 315 | 216 81 . 18 . Thermal 1375 | . 761 468 90 56 Explosive . | . . . . . Electromagnetic . | . . . . . Impact . | . . . . . Slashing 36 | . . . . 36 Piercing . | . . . . . Highest Corruption . | . . . . . Average Corruption . | . . . . . Corruption Purged . | . . . . . Corruption Blocked . | . . . . . Overload Shots . | . . . . . Overflow Damage . | . . . . . Projectiles . | . . . . . Explosions . | . . . . . Melee . | . . . . . Knockbacks . | . . . . . Impact . | . . . . . Kinetic . | . . . . . Secondary . | . . . . . Self-Inflicted Damage . | . . . . . Shots . | . . . . . Rammed 1 | . . 1 . . Targets Rammed 2 | . . 2 . . Kicked . | . . . . . Crushed 1 | . . 1 . . Highest Temperature 374 | . 374 328 3 99 Average Temperature 146 | . 130 192 3 53 Received Heat Transfer 189 | . 105 30 54 . Effects 1 | . 1 . . . Energy Bleed 1 | . 1 . . . Siege Activations . | . . . . . Martial Activations . | . . . . . Shielding Activations . | . . . . . Robots Disrupted . | . . . . . Combat Hostiles . | . . . . . Robots Corrupted . | . . . . . Combat Hostiles . | . . . . . Parts Fried . | . . . . . Impact Corruptions . | . . . . . Robots Melted . | . . . . . Combat Hostiles . | . . . . . Parts Melted 1 | . . 1 . . Heat Transferred 2765 | . 1591 962 185 27 Parts Sabotaged . | . . . . . Parts Stolen . | . . . . . Parts Stripped . | . . . . . Power Chain Reactions . | . . . . . Alert | -11 -10 -10 -10 -9 ------- Run | Yrd Mat Min Sub Scr Maximum Alert Level 1 | . 1 . . . Low Security (%) 93 | 100 88 100 . . Level 1 6 | . 11 . . . Level 2 . | . . . . . Level 3 . | . . . . . Level 4 . | . . . . . Level 5 . | . . . . . High Security . | . . . . . Max Security . | . . . . . Peak Influence 248 | 5 248 181 . . Initial 91 | . . 91 . . Average 65 | . 64 88 . . Influence Increases 747 | 20 422 255 50 . Destroy 0b10 Robot/C 460 | . 260 160 40 . Destroy 0b10 Robot/NC 70 | 20 30 20 . . Destroy Leader 108 | . 68 30 10 . Successful Hack 32 | . 32 . . . Disable Machine 30 | . 30 . . . Destroy Structure 2 | . 2 . . . Lose Combat Pursuer 45 | . . 45 . . Influence Decreases 747 | 20 186 359 169 13 Entered New Map 227 | . . 145 69 13 Time Decay 520 | 20 186 214 100 . Squads Dispatched 3 | . 3 . . . Investigation 2 | . 2 . . . Extermination . | . . . . . Reinforcement 1 | . 1 . . . Assault . | . . . . . Garrison . | . . . . . Intercept . | . . . . . Searches Triggered . | . . . . . Construction Impeded . | . . . . . Haulers Reinforced . | . . . . . Active Scanning Responses . | . . . . . Cargo Convoy Interrupts . | . . . . . Stealth | -11 -10 -10 -10 -9 --------- Run | Yrd Mat Min Sub Scr Distress Signals . | . . . . . Communications Jammed . | . . . . . Distress Signals . | . . . . . Times Spotted 39 | . 19 10 2 8 Peak Tracking Total 8 | . 3 5 2 8 Tactical Retreats 1 | . . 1 . . Traps | -11 -10 -10 -10 -9 ------- Run | Yrd Mat Min Sub Scr Traps Triggered 2 | . 2 . . . Indirectly . | . . . . . Trap Hack Attempts . | . . . . . Triggered . | . . . . . Disarmed . | . . . . . Reprogrammed . | . . . . . Reused . | . . . . . Traps Extracted . | . . . . . Installed . | . . . . . Triggered . | . . . . . Machines | -11 -10 -10 -10 -9 ---------- Run | Yrd Mat Min Sub Scr Machines Disabled 2 | . 2 . . . Max in Single Turn 1 | . 1 . . . Machines Repaired . | . . . . . Machines Dismantled . | . . . . . Machines Sabotaged . | . . . . . Overloaded Fab Kills . | . . . . . Hacking | -11 -10 -10 -10 -9 --------- Run | Yrd Mat Min Sub Scr Machines Accessed 9 | . 5 . . 4 Terminals 3 | . 3 . . . Fabricators . | . . . . . Repair Stations 1 | . 1 . . . Recycling Units 1 | . 1 . . . Scanalyzers . | . . . . . Garrison Access . | . . . . . Total Hacks 31 | . 15 . . 16 Successful 23 | . 7 . . 16 Failed 8 | . 8 . . . Catastrophic 1 | . 1 . . . Database Lockouts . | . . . . . Manual 7 | . 7 . . . Terminals 11 | . 11 . . . Fabricators . | . . . . . Repair Stations 2 | . 2 . . . Recycling Units 2 | . 2 . . . Scanalyzers . | . . . . . Garrison Access . | . . . . . Terminal Hacks 20 | . 4 . . 16 Record 15 | . . . . 15 Robot Analysis 2 | . 2 . . . Prototype ID Bank 1 | . 1 . . . Open Door 1 | . . . . 1 Registered Prototypes 1 | . 1 . . . Fabricator Hacks . | . . . . . Repair Station Hacks 2 | . 2 . . . Scan Component 1 | . 1 . . . Repair 1 | . 1 . . . Recycling Unit Hacks 1 | . 1 . . . Retrieve Components 1 | . 1 . . . Scanalyzer . | . . . . . Garrison Access Hacks . | . . . . . Unauthorized Hacks . | . . . . . Terminals . | . . . . . Fabricators . | . . . . . Repair Stations . | . . . . . Recycling Units . | . . . . . Scanalyzers . | . . . . . Garrison Access . | . . . . . Data Cores Recovered . | . . . . . Used . | . . . . . Hacking Detections 3 | . 3 . . . Full Trace Events . | . . . . . Feedback Events . | . . . . . Feedback Blocked . | . . . . . Robot Schematics Acquired . | . . . . . Robots Built . | . . . . . Authchips . | . . . . . Time . | . . . . . Total Robot Build Rating . | . . . . . Part Schematics Acquired . | . . . . . Parts Built . | . . . . . Authchips . | . . . . . Time . | . . . . . Total Part Build Rating . | . . . . . Part Studies Acquired . | . . . . . Parts Repaired 1 | . 1 . . . Time 26 | . 26 . . . Parts Recycled . | . . . . . Recycled Matter . | . . . . . Retrieved Matter . | . . . . . Retrieved Components 3 | . 3 . . . Parts Scanalyzed . | . . . . . Part Schematics Acquired . | . . . . . Parts Damaged . | . . . . . Bothacking | -11 -10 -10 -10 -9 ------------ Run | Yrd Mat Min Sub Scr Used RIF Installer . | . . . . . Robots Hacked . | . . . . . Non-combat . | . . . . . Combat . | . . . . . Robot Hacks Applied . | . . . . . Relay Couplers Released . | . . . . . Fabnet Peak Effective % . | . . . . . Robots Rewired . | . . . . . Allies Hacked . | . . . . . Hacks Repelled . | . . . . . Allies | -11 -10 -10 -10 -9 -------- Run | Yrd Mat Min Sub Scr Total Allies . | . . . . . Largest Group . | . . . . . Highest-Rated Group . | . . . . . Highest-Rated Ally . | . . . . . Total Orders . | . . . . . Ally Attacks . | . . . . . Total Damage . | . . . . . Kills . | . . . . . Allies Corrupted . | . . . . . Allies Melted . | . . . . . Intel | -11 -10 -10 -10 -9 ------- Run | Yrd Mat Min Sub Scr Active Infowar (turns) 830 | 62 768 . . . Structural 498 | . 498 . . . Seismic 332 | 62 270 . . . Robot Analysis Total 2 | . 2 . . . Derelict Logs Recovered 1 | . . . 1 . Drone Launches . | . . . . . Drone Recoveries . | . . . . . Exploration | -11 -10 -10 -10 -9 ------------- Run | Yrd Mat Min Sub Scr Turns Passed 4120 | 147 882 453 201 2437 Spaces Moved 2521 | 63 412 227 110 1709 Core 8 | 7 . . . 1 Treads 1900 | 56 412 227 110 1095 Legs . | . . . . . Wheels 613 | . . . . 613 Hover . | . . . . . Flight . | . . . . . Fastest Speed 50 | 50 160 160 160 105 Average Speed 145 | 147 160 160 160 139 Slowest Speed 650 | 160 160 160 160 650 Overloaded Moves . | . . . . . Propulsion Burnouts . | . . . . . Robots Hopped . | . . . . . Potential Cave-ins . | . . . . . Cave-ins Triggered . | . . . . . Exploration Rate (%) 46 | 6 74 46 11 96 Regions Visited 4 Branch Regions 3 Pre-discovered Areas . | . . . . . Known Exits Taken 1 | . . . 1 . Unknown Exits Taken 3 | 1 1 1 . . Scrap Searched 9 | . . 1 . 8 Spaces Dug . | . . . . . Terrain Destroyed . | . . . . . Melee . | . . . . . Projectile . | . . . . . AOE . | . . . . . Terrain Rammed . | . . . . . Walls Destroyed . | . . . . . Machines Disabled . | . . . . . Actions | -11 -10 -10 -10 -9 --------- Run | Yrd Mat Min Sub Scr Total 2810 | 93 548 269 125 1775 Wait 60 | . 42 11 4 3 Move 2517 | 62 411 226 109 1709 Hop . | . . . . . Pick Up 46 | 10 16 1 . 19 Fast Attach 22 | 7 4 1 2 8 Attach 1 | . . . 1 . Detach 3 | . . . 1 2 Swap 14 | . 6 1 . 7 Drop 52 | 2 21 3 2 24 Fire 89 | 12 46 24 6 1 Melee 4 | . 2 . . 2 Ram . | . . . . . Kick . | . . . . . Crush 2 | . . 2 . . Escape Stasis . | . . . . . Rewire . | . . . . . Trap . | . . . . . Miscellaneous . | . . . . . Route ------- -11/Scrapyard -10/Materials (discovered 3 exits: [*Mat x2] / [*Min]) -10/Mines -10/Subcaves -9/Scraptown (discovered 2 exits: [*Fac x2]) History --------- Turn | Location | Event 2 | -11/Scrapyard | Met Revision 17 19 | -11/Scrapyard | Discovered new exit (range 14) 148 | -11/Scrapyard | Entered Materials 311 | -10/Materials | Build established: Mutant 437 | -10/Materials | Discovered new exit (range 16) 690 | -10/Materials | Repaired Structural Scanner 790 | -10/Materials | Discovered new exit (range 16) 894 | -10/Materials | Discovered new exit (range 14) 1030 | -10/Materials | Entered Mines 1364 | -10/Mines | Core integrity fell below 50% 1418 | -10/Mines | Discovered new exit (range 10) 1483 | -10/Mines | Entered Subcaves 1484 | -10/Subcaves | Approached by a straggling Scientist 1503 | -10/Subcaves | Learned location of 1 exit from Materials 1655 | -10/Subcaves | Build established: Scavenger-Mutant 1672 | -10/Subcaves | Scientist uncovered a shortcut to Scraptown 1677 | -10/Subcaves | Identified exit to Scraptown 1684 | -10/Subcaves | Entered Scraptown 2043 | -9/Scraptown | Heard Great Nut preacher, LISTEN AND RECITE! 2217 | -9/Scraptown | Discovered new exit (range 5) 2320 | -9/Scraptown | Build established: Mutant 2785 | -9/Scraptown | Visited Awakened 2840 | -9/Scraptown | Visited Bundlers 2967 | -9/Scraptown | Visited Scrapoid Research Area 3017 | -9/Scraptown | Visited SPCMW 3047 | -9/Scraptown | Visited Observation Area 3119 | -9/Scraptown | Visited Fellowship of the Rings 3150 | -9/Scraptown | Visited The Evicted 3198 | -9/Scraptown | Visited UFD Registry 3225 | -9/Scraptown | Registered with UFD as "Toolranger" 3255 | -9/Scraptown | Visited Curators Association 3331 | -9/Scraptown | Visited Junk Repository 3386 | -9/Scraptown | Visited DA-N13 Charitable Foundation 3400 | -9/Scraptown | Found DCF Scrap (28 items) 3632 | -9/Scraptown | Visited A0-MCA Data Center 3639 | -9/Scraptown | Given a B- rating by A0-MCA 3643 | -9/Scraptown | Found A0-MCA's Component Scanner 3662 | -9/Scraptown | Visited Infowarlord's Domain 3670 | -9/Scraptown | Found Exp. Terrain Scanner 3689 | -9/Scraptown | Visited Research Penetration Think Tank 3709 | -9/Scraptown | Visited Sword Containment 3713 | -9/Scraptown | Build established: Derelict-Mutant 3725 | -9/Scraptown | Found Companion Sword 3765 | -9/Scraptown | Discovered new exit (range 5) 3854 | -9/Scraptown | Visited Junk Repository 3904 | -9/Scraptown | Visited LU-1G1's Boring Crew 3950 | -9/Scraptown | Visited Abandonware Association 3963 | -9/Scraptown | Learned abandonware demo "ERRANTS.EXE" 3963 | -9/Scraptown | Learned abandonware demo "KABOOM.EXE" 4039 | -9/Scraptown | Met Optimus 4039 | -9/Scraptown | Accepted into 0bPrime 4108 | -9/Scraptown | Civil war broke out across Scraptown 4109 | -9/Scraptown | Attacked by Scraptown defenders 4119 | -9/Scraptown | Core integrity fell below 20% 4121 | -9/Scraptown | Destroyed by 70-KVX(E) with Gauss Rifle Last Messages --------------- 04110_ Optimus: "My trust in you was sorely misplaced, Toolranger!" 04111_ JW-ZZ7(E): "Prepare to die, Toolranger!" 04112_ Penetrated by Slug. 04112_ Slug penetrates Wall. 04112_ Penetrated by Slug. 04112_ Machine disabled. 04113_ 3E-MO0(j) destroyed. 04114_ Penetrated by Slug. 04114_ Slug penetrates Machine. 04114_ Machine disabled. 04115_ Power Sword destroyed. 04116_ Slug penetrates Machine. 04117_ Penetrated by Slug. 04118_ 0R-UKP(j): "Toolranger is with the other side!" 04118_ Arm. Wheel destroyed. 04118_ Slug penetrates Wall. Companion Sword: "So where to next?" 04120_ Arm. Wheel destroyed. Map ----- +----------------------------------------------------+ | "## ""#???????????? | | "#???????????? | | """""""""""""""""""""" "## ""#???????????? | | """""""""""""""""""""" "## " """"#???????????? | | ## ################"" "##########???????????? | | ##????????#"" "#????????????????????? | | X"#????????#"" "#????????????????????? | | "" "" ##????????#"" "#????????????????????? | | " "" X"#??????###"" "###########??????????? | | " ######### #"" "## #??????????? | | "" = #??????????? | | "" E%= "## #??????????? | | " ######### #"" ! "## #??????????? | | " "" ""#??????###""E "## #??????????? | | "" "" ##????????#"" "###########??????????? | | X"#????????#"" "#??????? ????????????? | | ##????????#"" "####### ####?????????? | | ## ################"" "## """ """""?????????? | | """""""""""""""""""""" "## ""!""""""#????????? | | """""""""""""""""""""" " """""""#????????? | | ## """"#????????? | | ## """"#????????? | | * #; " """"#????????? | | =!jj[ ;# """""""""#????????? | | j%!= E# """""""""#????????? | | """""" """""""""""=""""""@ ##""""""""""?????????? | | ###### ###########=######3 ############?????????? | | ## #?# *= *! #?# #????????????????????? | | ## #?# *! / #?; #????????????????????? | | ?# # # #?# !/!=! ### ;????????????????????? | | ## # ] # !#?#*% !=/% #?# ##???????????????????? | | ## !#!!!#[]#?#*!|## *#?# #????????????????????? | | ############?#=**## #?# ############?????????? | | ?????????????##########?# #?????????? | | ????????????????????????# ##?????????? | | #???????????????????????# #?????????? | | #???????????????????????# #?????????? | | ????????????????????????# #?????????? | | ????????????????????????# E ############?????????? | | ##########?############## #####????????????????? | | #"""##"""##"""##"""##"|"# """"#????????????????? | | # ""##" "##"""##""|##" # "" "#????????????????? | | "#????????????????? | | " "#????????????????? | | ] """"#????????????????? | | #"""##"" ##"|"##!! ##"" ## ######????????????????? | | #"""##"""##"""##"""##"""####?????????????????????? | | #########################????????????????????????? | | ?????????????????????????????????????????????????? | | ?????????????????????????????????????????????????? | +----------------------------------------------------+ Best States ------------- Heat Dissipation 39 Energy Generation 18 Energy Capacity 250 Matter Stores 300 Matter Capacity 300 Sight Range 16 Terrain Scan Density 10 Evasion (%) 40 Recoil Reduction 2 Item Schematics ----------------- None Robot Schematics ------------------ None Fabricated ------------ Nothing Repaired ---------- Structural Scanner | 50% | -10/Materials Studied --------- None Alien Tech Used ----------------- None Achievements -------------- Civilization 2243 Link The Feds Nice Directions, Buddy Challenges ------------ None Game ------ Seed TripodRagnarokFragment Manual? 0 Play Time 01:05:04 Cumulative 67.0 hours Start 2026.08.29 @ 20:03:28 End 2026.08.29 @ 21:11:30 Sessions 1 Manual Loads 0 Difficulty Rogue Special Mode None Game No. 116 Rogue 116 Adventurer 0 Explorer 0 Win Type - Total 1 Types 1/0/0/0/0/0/0/0/0/0 Lore% 42 Gallery% 39 Achievement% 30 Wizard Run 0 Options --------- Layout 1 ASCII 1 Keyboard 1 Movement Numpad Keybinds 0 Fullscreen 2 Font 24/Smallcaps Map View 50x35 Zoom Use 0% Tactical HUD 1 Map Filters NONE Filters NONE Steam 1 RUN: 93cf28b4-720f-4804-b0e6-348a24aa855d